 Dungeon Crawl Stone Soup version 0.28-a0-309-gf6d37e6e1d (webtiles) character file.

Game seed: 5141126640717000474

56881 McIrco the Swashbuckler (level 15, 0/100 HPs)
             Began as a Kobold Berserker on Aug 30, 2021.
             Was a High Priest of Trog.
             Slain by a two-headed ogre (20 damage)
             ... on level 15 of the Dungeon.
             The game lasted 00:44:00 (19147 turns).

McIrco the Swashbuckler (Kobold Berserker)         Turns: 19147, Time: 00:44:01

Health: 0/100      AC: 10    Str: 20    XL:     15   Next: 23%
Magic:  15/15      EV: 26    Int:  9    God:    Trog [*****.]
Gold:   784        SH:  6    Dex: 15    Spells: 14/14 levels left

rFire   . . .      SeeInvis .   y - +3 rapier (venom)
rCold   . . .      Faith    .   G - +0 buckler
rNeg    . . .      Spirit   .   R - +0 troll leather armour
rPois   .          Reflect  .   (no helmet)
rElec   .          Harm     .   h - +1 cloak
rCorr   .          Rampage  .   (no gloves)
Will    ++++.                   I - +2 pair of boots {Stlth+}
Stlth   ++++++....              S - amulet of regeneration
HPRegen 3.26/turn               e - ring of willpower
MPRegen 0.14/turn               J - +4 ring of evasion

@: strong-willed, on berserk cooldown, regenerating, slowed, very slow
A: small, no large weapons, nightstalker 3
a: Renounce Religion, Berserk, Trog's Hand, Brothers in Arms


You were on level 15 of the Dungeon.
You worshipped Trog.
Trog was extremely pleased with you.
You visited 1 branch of the dungeon, and saw 15 of its levels.
You also visited: Sewer, Ossuary and Bailey.

You collected 1204 gold pieces.
You spent 420 gold pieces at shops.

Inventory:

Hand Weapons
 a - a +0 short sword of flaming
 i - a +6 short sword
 y - a +3 rapier of venom (weapon)
 U - a +2 antimagic rapier
Armour
 b - a +0 crystal plate armour
 h - a +1 cloak (worn)
 G - a +0 buckler (worn)
 I - a +2 pair of boots of stealth (worn)
 R - a +0 troll leather armour (worn)
Jewellery
 e - a ring of willpower (left hand)
 f - a ring of resist corrosion
 p - a ring of positive energy
 q - a ring of protection from fire
 J - a +4 ring of evasion (right hand)
 S - an amulet of regeneration (around neck)
 T - an amulet of reflection
Wands
 l - a wand of paralysis (8)
 u - a wand of polymorph (8)
 B - a wand of mindburst (23)
 C - a wand of digging (3)
 M - a wand of iceblast (15)
Scrolls
 d - a scroll of immolation
 j - a scroll of identify
 m - a scroll of acquirement {unknown}
 s - 4 scrolls of enchant weapon
 w - 4 scrolls of teleportation
 x - 2 scrolls of fog {unknown}
 K - 5 scrolls of blinking {unknown}
 L - 2 scrolls of enchant armour
 N - a scroll of torment {unknown}
 O - 2 scrolls of brand weapon
 Q - 3 scrolls of magic mapping
Potions
 c - 3 potions of brilliance
 g - 5 potions of attraction
 k - 3 potions of flight
 n - a potion of berserk rage {unknown}
 o - 4 potions of curing
 t - 2 potions of might
 v - 3 potions of cancellation
 z - 2 potions of magic
 A - a potion of resistance {unknown}
 D - 2 potions of lignification {unknown}
 E - 5 potions of mutation
 F - 4 potions of haste
 H - 9 potions of ambrosia
 P - a potion of degeneration {unknown}


   Skills:
 + Level 14.0 Fighting
 + Level 17.3 Short Blades
 + Level 5.1 Crossbows
 + Level 5.2 Armour
 + Level 14.6 Dodging
 - Level 10.0 Stealth
 - Level 5.6 Shields
 + Level 0.5 Unarmed Combat
 + Level 0.2 Evocations


You had 14 spell levels left.
You didn't know any spells.
Your spell library was empty.

Dungeon Overview and Level Annotations

Branches:
Dungeon (15/15)            Temple (0/1) D:6            Lair (0/6) D:9
    Orc (0/2) D:10         Vaults (0/5) D:13          Sewer (visited)
Ossuary (visited)          Bailey (visited)
 Depths: D:15

Altars:
Ashenzari
Elyvilon
Makhleb
Nemelex Xobeh
Okawaru
Sif Muna
Trog
The Shining One
Beogh

Shops:
D:3 (   D:4 =   D:6 [

Annotations:
D:9 2 transporters
D:14 3 runed translucent doors, Noyleozela's ghost, journeyman DEFE


Innate Abilities, Weirdness & Mutations

You are small and have problems with some larger weapons.
You are completely attuned to the shadows.


Message History

The ogre hits your deep troll with a +0 giant club!
The two-headed ogre closely misses you. You block the two-headed ogre's attack.
The two-headed ogre closely misses you. You block the two-headed ogre's attack.
Something hits your deep troll. The skeletal warrior misses you.
The centaur warrior hits your deep troll.
The centaur warrior kicks your deep troll.
Unknown command.
Unknown command.
Unknown command.
Unknown command.
You hit the two-headed ogre.
The two-headed ogre is poisoned.
The two-headed ogre is severely wounded.
The ogre hits your deep troll with a +0 giant club!
Something hits your deep troll. The two-headed ogre misses you.
The two-headed ogre completely misses you.
The centaur warrior hits your deep troll.
The centaur warrior kicks your deep troll.
The skeletal warrior completely misses you.
The two-headed ogre misses you. x2
Unknown command.
Unknown command.
Unknown command.
Unknown command.
You puncture the two-headed ogre!
The two-headed ogre looks as sick as possible!
The two-headed ogre is almost dead.
The ogre hits your deep troll with a +0 giant club!!
Your deep troll dies!
Your deep troll's corpse disappears in a puff of smoke!
You block the centaur warrior's attack.
The centaur warrior completely misses you.
The skeletal warrior closely misses you.
Unknown command.
Unknown command.
Your two-headed ogre goes berserk!
You block the centaur warrior's attack. The centaur warrior kicks you.
The two-headed ogre hits you with a +0 giant club!!
* * * LOW HITPOINT WARNING * * *
The two-headed ogre hits you with a +0 giant spiked club!!
You die...

##......####......)...#.....
##.........#........#........
#.................))##.c.....
##..................##O.#c...
####....)....).)...##.O#O..c
#.[#..............O.....c
####....O................
#.##.cOz.#.............
#..<.O@###.............
#....O†## .... ##....##
#.....# ##....#


You could see a skeletal warrior, a centaur warrior, 2 two-headed ogres, an ogre
(fast) and a friendly two-headed ogre (summoned, berserk).

Vanquished Creatures
  An orc warlord (D:12)
  Snorg (D:12)
  4 vault guards (D:13)
  2 hydras (D:13)
  2 boulder beetles
  Erica (D:8)
  9 two-headed ogres
  4 centaur warriors
  2 death knights
  The ghost of hemabe71 the Charlatan, a novice HuAr of Okawaru (D:6)
  An orc high priest (D:12)
  Nergalle (D:12)
  3 skeletal warriors (D:15)
  A harpy (shapeshifter) (D:13)
  A wizard (D:13)
  5 orc knights
  A deep elf pyromancer (D:13)
  An orc sorcerer (D:12)
  A wolf spider (D:15)
  3 manticores
  8 ugly things
  The ghost of Loefaen the Magician, a novice DjIE (D:6)
  6 cyclopes
  A gargoyle (D:11)
  2 unseen horrors (D:13)
  A kobold demonologist (D:11)
  A tengu conjurer (D:11)
  A komodo dragon (D:11)
  2 freezing wraiths (D:14)
  An efreet (D:11)
  The ghost of EiAlmux the Conjurer, a novice DECj of Vehumet (D:6)
  5 trolls
  3 meliai (D:14)
  A queen bee (D:14)
  A polar bear (shapeshifter) (D:13)
  A wolf spider simulacrum (D:15)
  11 slime creatures
  A redback (D:13)
  Sigmund (D:5)
  2 centaur simulacra
  4 wraiths
  5 shadows
  Eustachio (D:4)
  A hog (shapeshifter) (D:14)
  13 yaks
  2 basilisks
  A wyvern (D:9)
  2 steam dragons (D:9)
  The ghost of tape the Slasher, an amateur DsMo (D:4)
  9 vampire mosquitoes
  Edmund (D:4)
  A two-headed ogre zombie (D:10)
  2 acid dragons
  A black bear (D:5)
  3 ice beasts (D:7)
  23 orc warriors
  A sky beast (D:8)
  2 necrophages
  An ogre (D:6)
  3 wolves (D:9)
  The ghost of hemabe71 the Charlatan, an amateur HuAr (D:6)
  2 phantoms
  8 centaurs
  6 kobold brigands
  Blork the orc (D:4)
  3 bullfrogs
  2 gnoll sergeants
  A scorpion (D:5)
  2 troll zombies (D:10)
  30 killer bees
  8 howler monkeys
  12 wights
  3 electric eels (D:9)
  3 centaur zombies
  2 bullfrog zombies
  4 hounds (D:9)
  8 orc priests
  4 human zombies (Ossuary)
  A centaur skeleton (D:7)
  A scorpion zombie (D:5)
  Ijyb (D:5)
  An iguana (D:6)
  10 orc wizards
  Natasha (thrice) (D:3)
  A killer bee zombie (D:7)
  5 ogre zombies (D:10)
  3 hound zombies
  A hound skeleton (D:5)
  3 mummies (Ossuary)
  10 gnolls
  A river rat (D:6)
  19 adders
  A shadow imp (D:6)
  2 white imps
  3 ufetubi
  An adder skeleton (D:5)
  An adder zombie (Ossuary)
  3 dart slugs
  6 worms
  34 orcs
  16 ball pythons
  9 endoplasms
  6 giant cockroaches
  11 goblins
  4 hobgoblins
  4 jackals (Sewer)
  3 quokkas
  13 bats
  3 frilled lizards
  A goblin skeleton (D:10)
  6 goblin zombies
  A hobgoblin skeleton (D:10)
  3 hobgoblin zombies (Ossuary)
  3 jackal zombies (Ossuary)
  21 kobolds
  5 kobold zombies (Ossuary)
  4 orc skeletons (D:10)
  18 orc zombies
  A quokka skeleton (D:4)
  4 quokka zombies (Ossuary)
  9 rats
  4 rat zombies (Ossuary)
533 creatures vanquished.

Vanquished Creatures (collateral kills)
  5 ugly things (D:14)
  2 centaurs (D:15)
7 creatures vanquished.

Grand Total: 540 creatures vanquished

Notes
Turn   | Place    | Note
-------+----------+-------------------------------------------
     0 | D:1      | McIrco the Kobold Berserker began the quest for the Orb.
     0 | D:1      | Reached XP level 1. HP: 14/14 MP: 1/1
     4 | D:1      | Noticed an electric eel
     7 | D:1      | Noticed an electric eel
   204 | D:1      | You fall into a shaft and drop 1 floor!
   470 | D:2      | Reached XP level 2. HP: 19/19 MP: 2/2
   925 | D:1      | Reached XP level 3. HP: 23/23 MP: 3/3
  1094 | D:1      | Found a faded altar of an unknown god.
  1417 | D:1      | Reached skill level 5 in Short Blades
  1511 | D:1      | Reached ** piety under Trog
  1567 | D:1      | Reached skill level 1 in Stealth
  2518 | D:3      | Found Cimuarri's Weapon Shop.
  2546 | D:3      | Noticed Natasha
  2550 | D:3      | Killed Natasha
  2551 | D:3      | Reached XP level 4. HP: 29/29 MP: 4/4
  2929 | D:3      | Noticed Natasha
  2935 | D:3      | Reached XP level 5. HP: 24/33 MP: 3/5
  2939 | D:3      | Killed Natasha
  3102 | D:3      | Reached skill level 1 in Shields
  3229 | D:3      | Noticed Natasha
  3245 | D:3      | Killed Natasha
  3479 | D:3      | Noticed a necrophage
  3486 | D:3      | Killed a necrophage
  3487 | D:3      | Reached XP level 6. HP: 36/38 MP: 6/6
  3888 | D:4      | Found Doim's Jewellery Shop.
  3912 | D:4      | Reached skill level 6 in Short Blades
  3912 | D:4      | Reached skill level 5 in Stealth
  4101 | D:4      | Found a bloodstained altar of Trog.
  4150 | D:4      | Noticed Blork the orc
  4158 | D:4      | Killed Blork the orc
  4159 | D:4      | Reached XP level 7. HP: 43/43 MP: 7/7
  4469 | D:4      | Noticed Eustachio
  4484 | D:4      | Killed Eustachio
  4842 | D:4      | Found a runed translucent door.
  4847 | D:4      | Noticed tape's ghost (amateur DsMo)
  4858 | D:4      | Noticed Edmund
  4861 | D:4      | Killed Edmund
  4862 | D:4      | Reached skill level 7 in Short Blades
  4862 | D:4      | Reached XP level 8. HP: 48/48 MP: 8/8
  5277 | D:4      | Killed tape's ghost
  5350 | D:5      | Entered Level 5 of the Dungeon
  5359 | D:5      | Noticed Ijyb
  5365 | D:5      | Killed Ijyb
  5651 | D:5      | Reached skill level 5 in Dodging
  5836 | D:5      | Noticed Sigmund
  5840 | D:5      | Killed Sigmund
  5841 | D:5      | Reached skill level 5 in Fighting
  5841 | D:5      | Reached skill level 8 in Short Blades
  6035 | D:5      | Reached XP level 9. HP: 22/54 MP: 3/9
  6421 | D:6      | Reached *** piety under Trog
  6486 | D:6      | Found a glowing drain.
  6524 | Sewer    | Entered a sewer
  7752 | D:6      | Found a runed translucent gate.
  7753 | D:6      | Found a runed translucent gate.
  7753 | D:6      | Noticed EiAlmux's ghost (novice DECj)
  7753 | D:6      | Noticed hemabe71's ghost (amateur HuAr)
  7754 | D:6      | Found a runed translucent gate.
  7754 | D:6      | Noticed hemabe71's ghost (novice HuAr)
  7755 | D:6      | Noticed Loefaen's ghost (novice DjIE)
  7918 | D:6      | Found a staircase to the Ecumenical Temple.
  7987 | D:6      | Found Zesor's Antique Armour Boutique.
  8058 | D:6      | Found a shimmering blue altar of Sif Muna.
  8064 | D:6      | Found a burning altar of Makhleb.
  8336 | D:6      | Killed hemabe71's ghost
  8337 | D:6      | Reached skill level 9 in Short Blades
  8366 | D:6      | Killed Loefaen's ghost
  8367 | D:6      | Reached skill level 10 in Short Blades
  8367 | D:6      | Reached skill level 10 in Stealth
  8570 | D:6      | Killed EiAlmux's ghost
  8571 | D:6      | Reached XP level 10. HP: 60/60 MP: 10/10
  8620 | D:6      | Killed hemabe71's ghost
  8934 | D:7      | Found a sand-covered staircase.
  8940 | Ossuary  | Entered an ossuary
  8992 | Ossuary  | Reached **** piety under Trog
  9211 | Ossuary  | Reached skill level 11 in Short Blades
 10708 | D:8      | Reached skill level 12 in Short Blades
 10736 | D:8      | Reached XP level 11. HP: 68/68 MP: 8/11
 11177 | D:8      | Noticed Erica
 11184 | D:8      | Killed Erica
 11522 | D:4      | Bought an amulet of regeneration for 420 gold pieces
 11629 | D:9      | Noticed a two-headed ogre
 11632 | D:9      | Killed a two-headed ogre
 11636 | D:9      | Reached skill level 13 in Short Blades
 11722 | D:9      | Found a transporter.
 11722 | D:9      | Found a transporter.
 11743 | D:9      | Noticed a two-headed ogre
 11744 | D:9      | Noticed a two-headed ogre
 11892 | D:9      | Noticed a cyclops
 11903 | D:9      | Identified the +11 battleaxe of Cruel Justice {vorpal,
                  | +Rage rC++ Int-4 SInv}
 11903 | D:9      | Noticed a moth of wrath
 11935 | D:9      | Reached ***** piety under Trog
 11936 | D:9      | Found a glowing golden altar of the Shining One.
 12181 | D:9      | Found a staircase to the Lair.
 12601 | D:9      | Reached skill level 5 in Shields
 12629 | D:9      | Identified the +1 robe of Qaoqeot {Harm}
 12677 | D:10     | Entered Level 10 of the Dungeon
 12892 | D:10     | Found a staircase to the Orcish Mines.
 12933 | D:10     | Found a flagged portal.
 12941 | Bailey   | Entered a bailey
 12945 | Bailey   | Noticed an orc knight
 12975 | Bailey   | Noticed an orc knight
 12975 | Bailey   | Noticed an orc knight
 13004 | Bailey   | Killed an orc knight
 13081 | Bailey   | Identified the +9 halberd of the Past {chaos, rN+ Will-
                  | Str+7 Int+2 Stlth+}
 13168 | Bailey   | Killed an orc knight
 13168 | Bailey   | Received a gift from Trog
 13169 | Bailey   | Reached skill level 1 in Crossbows
 13242 | Bailey   | Reached XP level 12. HP: 55/76 MP: 12/12
 13864 | D:10     | Found a sparkling altar of Nemelex Xobeh.
 13952 | D:10     | Reached skill level 14 in Short Blades
 14152 | D:10     | Found an iron altar of Okawaru.
 14188 | D:11     | Reached skill level 10 in Dodging
 14235 | D:11     | Reached skill level 5 in Crossbows
 14272 | D:11     | Noticed a boulder beetle
 14289 | D:11     | Killed a boulder beetle
 14347 | D:11     | Identified the +10 hunting sling "Killer Klown's Foe"
                  | {flame, Fly}
 14767 | D:11     | Reached skill level 10 in Fighting
 14882 | D:11     | Found a white marble altar of Elyvilon.
 15124 | D:11     | Noticed a two-headed ogre
 15129 | D:11     | Noticed a two-headed ogre
 15145 | D:11     | Killed a two-headed ogre
 15146 | D:11     | Reached XP level 13. HP: 83/83 MP: 13/13
 15156 | D:11     | Reached skill level 15 in Short Blades
 15715 | D:12     | Noticed Nergalle
 15740 | D:12     | Killed Nergalle
 15896 | D:12     | Noticed an orc warlord
 15900 | D:12     | Killed an orc warlord
 15911 | D:12     | Reached ****** piety under Trog
 16019 | D:12     | Noticed Snorg
 16038 | D:12     | Killed Snorg
 16115 | D:12     | Noticed a boulder beetle
 16119 | D:12     | Killed a boulder beetle
 16350 | D:12     | Reached skill level 16 in Short Blades
 16749 | D:13     | Noticed a centaur warrior
 16766 | D:13     | Reached XP level 14. HP: 49/92 MP: 14/14
 16769 | D:13     | Received a gift from Trog
 16798 | D:13     | Found a gate to the Vaults.
 17088 | D:13     | Found a broken altar of Ashenzari.
 17759 | D:14     | Reached skill level 5 in Armour
 18316 | D:14     | Reached skill level 17 in Short Blades
 18323 | D:14     | Reached XP level 15. HP: 27/99 MP: 15/15
 18414 | D:14     | Found a runed translucent gate.
 18414 | D:14     | Found a runed translucent gate.
 18415 | D:14     | Found a runed translucent gate.
 18575 | D:14     | Noticed Noyleozela's ghost (journeyman DEFE)
 18782 | D:14     | Received a gift from Trog
 18919 | D:15     | Entered Level 15 of the Dungeon
 19147 | D:15     | Slain by a two-headed ogre

Illustrated notes

Levels and vault maps discovered:
D:1:      arrival_aquarium_b, layout_basic, hellmonk_ecumenical_altar_crossroads
D:2:      layout_loops_ring
D:3:      layout_loops_ring, serial_shops, shop, minmay_distorted, uniq_natasha
D:4:      layout_cave_pools, mainiacjoe_overflow_brackets,
          ebering_ghost_sewer_d, serial_shops, shop, minmay_snake_closets,
          uniq_edmund, uniq_blork_the_orc, uniq_eustachio
D:5:      cheibrodos_iron_armory, layout_rooms, uniq_ijyb, uniq_sigmund
D:6:      layout_layer_cave, amethyst_overflow_temple_binary,
          minmay_temple_entry_mini_moons, gammafunk_ghost_cemetery,
          serial_shops, nicolae_shop_crystal, portal_sewer_entry_e
D:7:      layout_basic, enter_ossuary_1, kennysheep_generic_room_3
D:8:      layout_cave_pools, uniq_erica
D:9:      layout_gridville, nicolae_tso_carved_into_rock, erik_lair_island,
          gammafunk_ghost_wrathful_warriors, serial_glass, glass_columns_b,
          glass_columns_c, glass_columns_c, glass_columns_c, glass_columns_b,
          glass_columns_b, item_on_display_b, due_unseen_surprise,
          feat_on_display, feat_on_display
D:10:     layout_loops_ring, mainiacjoe_overflow_concentric_impassable,
          kennysheep_little_box, zombieorc2_lemuel, enter_bailey_2,
          kennysheep_generic_room_12
D:11:     minmay_s_stair_smasher, layout_loops_ring, minmay_misc_feat_diagonals,
          elyvilon_altar_3
D:12:     orc_temple, layout_irregular_city, uniq_snorg, uniq_nergalle
D:13:     layout_cave_pools, lightli_vaults_fourway_checkpoint,
          ashenzari_altar_1
D:14:     layout_long_grid, maelrawn_ghost_gauntlet_escape, special_room
          [special_room_bee], minmay_crystal_water
D:15:     grunt_enter_depths_giant_problem, layout_cave_pools,
          chequers_serial_rivers_small_3

Skill      XL: |  1  2  3  4  5  6  7  8  9 10 11 12 13 14 15 |
---------------+----------------------------------------------+-----
Short Blades   | 5 6 7 8 10 12 13 14 16 17 | 17.3
Stealth        | 2 3 4 5 6 7 10 | 10.0
Dodging        | 3 4 5 6 8 9 10 12 14 | 14.6
Shields        | 1 2 3 4 5 |  5.6
Fighting       | 4 5 6 7 9 10 12 13 14 | 14.0
Armour         | 2 3 4 5 |  5.2
Crossbows      | 2 5 |  5.1
Unarmed Combat | |  0.5
Evocations     | |  0.2

Action                   |  1- 3 |  4- 6 |  7- 9 | 10-12 | 13-15 || total
-------------------------+-------+-------+-------+-------+-------++-------
Melee: Short sword       |   103 |   111 |    52 |   102 |       ||   368
       Unarmed           |       |     4 |       |       |       ||     4
       Rapier            |       |       |   277 |   872 |   787 ||  1936
 Fire: Arbalest          |       |       |       |    39 |       ||    39
Throw: Throwing net      |       |       |       |     1 |       ||     1
Invok: Berserk           |     1 |     2 |     7 |    11 |    12 ||    33
       Brothers in Arms  |       |       |       |       |     3 ||     3
       Trog's Hand       |       |       |       |       |     2 ||     2
Evoke: Wand              |       |       |       |     3 |       ||     3
  Use: Scroll            |       |       |    13 |     7 |     3 ||    23
       Potion            |       |       |     2 |     4 |     8 ||    14
 Stab: Sleeping          |    14 |    10 |    34 |    48 |    19 ||   125
       Confused          |       |     1 |       |       |       ||     1
       Distracted        |       |       |     1 |     1 |     1 ||     3
Armor: Animal skin       |    13 |    17 |    48 |    30 |       ||   108
       Troll leather arm |       |       |       |    52 |   107 ||   159
Dodge: Dodged            |    46 |    49 |   163 |   564 |   708 ||  1530
Block: Kite shield       |    27 |    44 |    45 |       |       ||   116
       Buckler           |       |       |    51 |   200 |   204 ||   455

Table legend: (Time is in decaauts)
 A = Elapsed time spent in this place.
 B = Non-inter-level travel time spent in this place.
 C = Inter-level travel time spent in this place.
 D = Time resting spent in this place.
 E = Time spent auto-exploring this place.
 F = Levels seen in this place.
 G = Mean time per level.
                   A        B        C        D        E       F      G
               +--------+--------+--------+--------+--------+-----+--------+
         Total |  18755 |  17937 |    818 |   1000 |  13022 |  18 | 1041.9 |
       Dungeon |  17453 |  16635 |    818 |    995 |  12386 |  15 | 1163.5 |
         Sewer |    609 |    609 |      0 |      0 |    398 |   1 |  609.0 |
       Ossuary |    295 |    295 |      0 |      0 |    157 |   1 |  295.0 |
        Bailey |    397 |    397 |      0 |      5 |     81 |   1 |  397.0 |
               +--------+--------+--------+--------+--------+-----+--------+

Top non-repeatable levels by time:
     D:6: 1871 daAuts
     D:3: 1558 daAuts
     D:4: 1550 daAuts
     D:7: 1491 daAuts
    D:12: 1301 daAuts
     D:1: 1298 daAuts
     D:9: 1190 daAuts
    D:14: 1178 daAuts
     D:5: 1073 daAuts
     D:2: 1067 daAuts
    D:11: 1045 daAuts
    D:10: 1013 daAuts
    D:13: 870 daAuts
     D:8: 737 daAuts
   Sewer: 609 daAuts
